 Dungeon Crawl Stone Soup version 0.30.1-9-gdf580d7c3d (webtiles) character file.

Game seed: 8547144930391728942

53 Ivernyr the Shield-Bearer (level 4, 31/37 HPs)
             Began as a Formicid Fighter on Oct 4, 2023.
             Got out of the dungeon alive.
             The game lasted 00:02:27 (1045 turns).

Ivernyr the Shield-Bearer (Formicid Fighter)        Turns: 1045, Time: 00:02:28

Health: 31/37      AC:  7    Str: 22    XL:     4   Next: 11%
Magic:  4/4        EV:  9    Int:  8    God:
Gold:   80         SH:  5    Dex: 13    Spells: 3/3 levels left

rFire   . . .        a - +0 flail
rCold   . . .        c - +0 buckler
rNeg    . . .        b - +0 scale mail
rPois   .            (helmet unavailable)
rElec   .            (no cloak)
rCorr   .            (no gloves)
SInv    +            (no boots)
Will    .....        (no amulet) Stlth
                     (no ring)
HPRegen 0.26/turn    (no ring)
MPRegen 0.09/turn

%: no passive effects
@: no status effects
A: permanent stasis, dig shafts and tunnels, antennae 3, four strong arms
a: Dig, Shaft Self


You escaped.
You visited 1 branch of the dungeon, and saw 2 of its levels.

You collected 80 gold pieces.

Inventory:

Hand Weapons
 a - a +0 flail (weapon)
Armour
 b - a +0 scale mail (worn)
 c - a +0 buckler (worn)
Scrolls
 e - a scroll of magic mapping {unknown}
 h - a scroll of blinking {unknown}
 i - a scroll of amnesia {unknown}
Potions
 d - 3 potions of might
 f - a potion of cancellation {unknown}
 g - a potion of degeneration {unknown}


   Skills:
 + Level 3.7 Fighting
 * Level 3.0 Maces & Flails
 + Level 3.7 Armour
 + Level 4.5 Shields


You had 3 spell levels left.
You didn't know any spells.
Your spell library was empty.

Dungeon Overview and Level Annotations

Branches:
Dungeon (2/15)

Altars:


Innate Abilities, Weirdness & Mutations

You cannot be hasted, slowed, berserked, paralysed or teleported.
You can dig through walls and to a lower floor.
You have a pair of large antennae on your head. (SInv)
Your four strong arms can wield two-handed weapons with a shield.


Message History

You hit the hobgoblin.
You kill the hobgoblin!
You completely miss the worm. The worm barely misses you.
You barely miss the worm. The worm closely misses you.
You barely miss the worm. The worm misses you.
You barely miss the worm. The worm bites you.
You barely miss the worm.
A worm comes into view.
You hit the worm.
The worm is moderately wounded.
The worm bites you.
You thump the worm!
You kill the worm!
You have reached level 4!
You feel clever.
You barely miss the worm. The worm bites you.
You hit the worm.
The worm is moderately wounded.
You block the worm's attack.
You sock the worm!
The worm is almost dead.
You thump the worm!
You kill the worm!
Your Maces & Flails skill increases to level 3!
Okay, then.
(D) Dungeon
Where to? (Enter - D:2, ? - help)
What level of the Dungeon? (default 1, ? - help)
There is a stone staircase leading up here.
You climb upwards.
There is a stone staircase leading down here.
You see here a +0 dagger.
Things that are here:
3 stones; a +0 whip You see here a +0 club.
There is a staircase leading out of the dungeon here.
Are you sure you want to leave the Dungeon?
This will make you lose the game!
Alright, then stay!
Are you sure you want to leave the Dungeon?
This will make you lose the game!
You have escaped!

##.## #..#
##.## #..#
#.## #.# #
##.## #
####...####
#
#.@#...#..#
#
#.##...##.#
#
#.).......#
#
####.#.####
# #.#.#.#.#
#...'...#
#########


There were no monsters in sight!

Vanquished Creatures
  An adder (D:2)
  2 worms (D:2)
  A dart slug (D:1)
  7 bats
  An endoplasm (D:1)
  2 goblins (D:1)
  3 hobgoblins
  2 jackals (D:1)
  2 quokkas (D:1)
  6 ball pythons
  3 frilled lizards (D:1)
  3 kobolds (D:1)
  6 rats
39 creatures vanquished.

Notes
Turn   | Place    | Note
-------+----------+-------------------------------------------
     0 | D:1      | Ivernyr the Formicid Fighter began the quest for the Orb.
     0 | D:1      | Reached XP level 1. HP: 18/18 MP: 1/1
   105 | D:1      | Reached XP level 2. HP: 24/24 MP: 2/2
   398 | D:1      | Reached XP level 3. HP: 23/29 MP: 3/3
   617 | D:1      | Found a faded altar of an unknown god.
   977 | D:2      | Reached XP level 4. HP: 18/37 MP: 4/4
  1045 | D:$      | Got out of the dungeon alive.

Illustrated notes

Levels and vault maps discovered:
D:1:      onia_arrival_mini_spirals, layout_basic,
          ebering_ecumenical_altar_mist, minmay_crystal_room
D:2:      layout_basic, chequers_serial_rivers_marsh, minmay_indecisive_spiral

Skill      XL: |  1  2  3  4 |
---------------+-------------+-----
Maces & Flails | 3 |  3.0
Fighting       | |  3.7
Armour         | |  3.7
Shields        | |  4.5

Action                     |  1- 3 |  4- 6 || total
---------------------------+-------+-------++-------
  Melee: Flail             |   121 |     4 ||   125
 Armour: Scale mail        |    73 |       ||    73
  Dodge: Dodged            |    65 |       ||    65
  Block: Buckler           |    41 |     1 ||    42
